Map: Romanticide LE

Players

Nice

  • Race: Protoss Protoss
  • Spawn Location: 5:00

sOs - Winner!

  • Race: Protoss Protoss
  • Spawn Location: 11:00

Event: IEM Katowice 2021

VOD

Have the link to the VOD?

Description

Time

  • Played on: Feb. 20, 2021, 10:21 a.m.
  • Length: 6:00

All games in this series

Show
View Real Time Build Order
Export as new Build Order

Nice Protoss 

Build Orders: Oracle Opening 

Get SALT Encoding   

  12  0:00  Probe  
  13  0:12  Probe  
  14  0:17  Pylon  
  14  0:24  Probe (Chrono Boost)  
  15  0:36  Probe (Chrono Boost)  
  15  0:39  Gateway  
  16  0:43  Probe (Chrono Boost)  
  16  0:46  Assimilator  
  17  0:51  Assimilator  
  17  0:54  Probe (Chrono Boost)  
  18  1:06  Probe (Chrono Boost)  
  18  1:08  Gateway  
  19  1:14  Probe (Chrono Boost)  
  20  1:20  Probe  
  21  1:26  Cybernetics Core  
  22  1:32  Probe  
  22  1:37  Pylon  
  22  1:45  Probe  
  23  1:57  Probe  
  24  2:02  Stalker x2  
  24  2:04  Warp Gate (Chrono Boost)  
  28  2:16  Pylon  
  28  2:22  Shield Battery  
  28  2:32  Stalker  
  28  2:34  Stalker  
  32  2:46  Probe  
  33  3:02  Stargate  
  33  3:05  Shield Battery  
  32  3:17  Pylon  
  32  3:23  Nexus  
  32  3:32  Probe  
  33  3:44  Oracle (Chrono Boost)  
  33  3:45  Stalker x2  
  36  4:04  Probe  
  35  4:15  Oracle (Chrono Boost)  
  35  4:16  Probe  
  39  4:22  Stalker  
  40  4:29  Stalker, Probe (Chrono Boost)  
  40  4:41  Probe (Chrono Boost)  
  42  4:46  Probe (Chrono Boost)  
  42  4:50  Oracle (Chrono Boost)  
  45  4:52  Probe (Chrono Boost)  
  45  4:58  Probe  
  47  5:03  Probe  
  48  5:10  Probe  
  49  5:15  Probe  
  45  5:23  Probe  
Show
View Real Time Build Order
Export as new Build Order

sOs Protoss - Winner!

Build Orders:  

Get SALT Encoding   

  12  0:00  Probe  
  13  0:12  Probe  
  14  0:17  Pylon  
  14  0:24  Probe (Chrono Boost)  
  16  0:36  Gateway, Probe (Chrono Boost)  
  16  0:43  Probe (Chrono Boost)  
  16  0:46  Assimilator  
  17  0:51  Probe  
  17  0:54  Assimilator  
  18  1:03  Probe (Chrono Boost)  
  19  1:07  Gateway  
  19  1:12  Probe (Chrono Boost)  
  19  1:17  Probe (Chrono Boost)  
  20  1:23  Cybernetics Core  
  21  1:29  Probe  
  22  1:34  Pylon  
  22  1:41  Probe  
  23  1:53  Probe  
  24  1:57  Warp Gate (Chrono Boost)  
  24  2:00  Adept x2  
  28  2:10  Shield Battery  
  28  2:20  Pylon  
  28  2:29  Adept  
  30  2:38  Adept  
  31  2:50  Nexus  
  32  3:00  Robotics Facility  
  32  3:03  Adept  
  33  3:08  Adept  
  33  3:12  Shield Battery  
  35  3:18  Pylon  
  35  3:40  Probe  
  36  3:42  Sentry  
  36  3:44  Immortal (Chrono Boost)  
  36  3:45  Stalker  
  44  3:56  Shield Battery  
  44  4:02  Probe  
  43  4:10  Stalker  
  43  4:12  Stalker  
  47  4:17  Observer  
  47  4:19  Probe x2 (Chrono Boost)  
  50  4:30  Probe x2 (Chrono Boost)  
  52  4:35  Stalker  
  50  4:41  Stalker  
  50  4:43  Observer  
  50  4:45  Probe  
  52  4:47  Probe  
  53  4:56  Pylon  
  53  5:00  Stalker  
  55  5:10  Stalker  
  55  5:12  Probe  
  55  5:13  Probe  

Tags
 
Add a new tag
Caveats
  • Supply blocks, unpowered buildings, or Contaminate may cause inaccurate times.
  • Supply counts are checked every 10 seconds.